 Dungeon Crawl Stone Soup version 0.29.0-11-gd7f09526c8 (webtiles) character file.

Game seed: 6268240083274850284

576 greasedhog the Covert (level 7, -3/42 HPs)
             Began as a Vampire Abyssal Knight on Sept 2, 2022.
             Was a Priest of Lugonu.
             Slain by a gnoll
             ... wielding a +0 spear
             ... led by a gnoll bouda
              (6 damage)
             ... on level 4 of the Dungeon.
             The game lasted 00:03:50 (3348 turns).

greasedhog the Covert (Vampire Abyssal Knight)      Turns: 3348, Time: 00:03:50

Health: -3/42      AC:  5    Str: 12    XL:     7   Next: 12%
Magic:  8/8        EV: 12    Int: 12    God:    Lugonu [***...]
Gold:   196        SH:  0    Dex: 17    Spells: 6/6 levels left

rFire   . . .      SeeInvis +   j - +4 dagger
rCold   + + .      Faith    .   (no shield)
rNeg    + + +      Spirit   .   b - +0 leather armour
rPois   ∞          Reflect  .   e - +0 helmet
rElec   .          Harm     .   (no cloak)
rCorr   .          Rampage  .   (no gloves)
Will    .....                   d - +0 pair of boots
Stlth   ++++++....              m - amulet of regeneration
HPRegen 0.00/turn               (no ring)
MPRegen 0.11/turn               (no ring)

@: bloodless, inhibited regen
A: bloodless, fangs 3, see invisible, vampiric 2
a: Bat Form, Revivify, Renounce Religion, Depart the Abyss, Bend Space, Banish


You were on level 4 of the Dungeon.
You worshipped Lugonu.
Lugonu was most pleased with you.
You visited 1 branch of the dungeon, and saw 4 of its levels.
You visited the Abyss 1 time.

You collected 196 gold pieces.

Inventory:

Hand Weapons
 a - a +1 short sword
 j - a +4 dagger (weapon)
Armour
 b - a +0 leather armour (worn)
 d - a +0 pair of boots (worn)
 e - a +0 helmet (worn)
Jewellery
 m - an amulet of regeneration (around neck)
 t - a ring of magical power
Scrolls
 h - 2 scrolls of silence
 i - 6 scrolls of teleportation
 k - a scroll of butterflies
 l - a scroll of amnesia
 n - a scroll of summoning {unknown}
 q - a scroll of blinking {unknown}
 s - a scroll of noise {unknown}
Potions
 c - a potion of mutation {unknown}
 f - a potion of brilliance {unknown}
 g - 3 potions of curing {unknown}
 o - 2 potions of resistance
 p - 3 potions of magic {unknown}
 r - a potion of attraction {unknown}
 u - a potion of heal wounds


   Skills:
 * Level 3.9 Fighting
 - Level 5.2 Short Blades
 - Level 0.7 Armour
 - Level 2.2 Dodging
 * Level 8.2 Stealth
 - Level 1.6 Invocations


You had 6 spell levels left.
You didn't know any spells.
Your spell library contained the following spells:

 Spells                   Type           Power      Damage    Failure   Level
 Ensorcelled Hibernation  Hex/Ice        0%         N/A       54%         2
 Passwall                 Tmut/Erth      0%         N/A       54%         2
 Swiftness                Air            0%         N/A       77%         3


Dungeon Overview and Level Annotations

Branches:
Dungeon (4/15)             Temple (0/1) D:4

Altars:
Cheibriados
Yredelemnul


Innate Abilities, Weirdness & Mutations

You do not regenerate when monsters are visible.
You are frail without blood (-20% HP).
You can heal yourself when you bite living creatures.
You are immune to poison.
You have razor-sharp teeth.
You have supernaturally acute eyesight. (SInv)
You are afflicted with vampirism and can become a bat while bloodless.


Message History

The gnoll bouda hits you but does no damage.
You closely miss the gnoll bouda.
The gnoll bouda is heavily wounded.
The gnoll hits you from afar with a +0 spear.
The gnoll bouda hits you but does no damage.
You hit the gnoll bouda.
The gnoll bouda is severely wounded.
The gnoll hits you but does no damage.
You hit the gnoll bouda.
You kill the gnoll bouda!
Lugonu accepts your kill. The gnoll hits you with a +0 spear.
Things that are here:
a +0 whip; a +0 robe; a gnoll corpse The gnoll shouts!
You hit the gnoll.
The gnoll is lightly wounded.
The gnoll barely misses you.
You completely miss the gnoll. Your bite misses the gnoll.
The gnoll is lightly wounded.
The gnoll hits you but does no damage.
You barely miss the gnoll.
The gnoll is lightly wounded.
You hit the gnoll.
The gnoll is moderately wounded.
The gnoll hits you with a +0 spear.
You hit the gnoll.
The gnoll is heavily wounded.
The gnoll barely misses you.
The gnoll hits you from afar with a +0 spear.
* * * LOW HITPOINT WARNING * * *
You barely miss the gnoll.
The gnoll is heavily wounded.
The gnoll is no longer moving quickly.
The gnoll hits you but does no damage.
The gnoll is no longer moving quickly.
The gnoll hits you from afar with a +0 spear.
* * * LOW HITPOINT WARNING * * *
There is a stone staircase leading up here.
The gnoll hits you from afar with a +0 spear.
You die...

## ... ..####'#### #
.......#.. .#
.......#.####.####
.....#.#@....... .
..........#.#### ...
####.##g..#.#
.....####..g.#.#.#####
.......)..##...#.....# ..#
########)###.###.....# #.#
......>.###.........###+###.#
......................[.....#
.#####....####..............#


You could see 2 gnolls.

Vanquished Creatures
  Grinder (D:3)
  2 scorpions (D:4)
  A water moccasin zombie (D:4)
  A gnoll bouda (D:4)
  Terence (D:2)
  A hound zombie (D:4)
  Robin (D:2)
  A howler monkey zombie (D:4)
  3 gnolls (D:4)
  3 adders
  An adder zombie (D:4)
  A worm (D:2)
  A dart slug (D:4)
  2 orcs (D:3)
  A ball python (D:1)
  5 endoplasms
  A giant cockroach (D:3)
  12 goblins
  2 hobgoblins
  2 quokkas
  5 bats
  2 frilled lizards
  6 kobolds
  3 rats (D:3)
59 creatures vanquished.

Notes
Turn   | Place    | Note
-------+----------+-------------------------------------------
     0 | Abyss:1  | greasedhog the Vampire Abyssal Knight began the quest for
                  | the Orb.
     0 | Abyss:1  | Reached XP level 1. HP: 17/17 MP: 2/2
     7 | D:1      | Escaped the Abyss
    70 | D:1      | Reached skill level 1 in Stealth
   263 | D:1      | Reached XP level 2. HP: 18/18 MP: 3/3
   265 | D:1      | Found a faded altar of an unknown god.
   350 | D:1      | Reached skill level 2 in Stealth
  1459 | D:2      | Reached skill level 3 in Stealth
  1459 | D:2      | Gained mutation: You are afflicted with vampirism and can
                  | become a bat while bloodless. [Vampire growth]
  1459 | D:2      | Reached XP level 3. HP: 22/22 MP: 4/4
  1486 | D:2      | Noticed Robin
  1496 | D:2      | Reached *** piety under Lugonu
  1534 | D:2      | HP: 1/22 [Robin/+0 spear (2)]
  1541 | D:2      | Killed Robin
  1729 | D:2      | Noticed Terence
  1736 | D:2      | Killed Terence
  1737 | D:2      | Reached skill level 4 in Stealth
  1737 | D:2      | Reached XP level 4. HP: 27/27 MP: 5/5
  2086 | D:3      | Found a snail-covered altar of Cheibriados.
  2534 | D:3      | Noticed Grinder
  2542 | D:3      | Paralysed by Grinder for 5 turns
  2558 | D:3      | Killed Grinder
  2559 | D:3      | Reached skill level 5 in Short Blades
  2559 | D:3      | Reached skill level 6 in Stealth
  2559 | D:3      | Reached XP level 5. HP: 9/31 MP: 6/6
  2559 | D:3      | Reached XP level 6. HP: 10/36 MP: 7/7
  2960 | D:4      | Reached skill level 7 in Stealth
  3133 | D:4      | Found a basalt altar of Yredelemnul.
  3183 | D:4      | Found a staircase to the Ecumenical Temple.
  3256 | D:4      | Reached XP level 7. HP: 30/42 MP: 8/8
  3260 | D:4      | Reached skill level 8 in Stealth
  3348 | D:4      | Slain by a gnoll

Illustrated notes

Levels and vault maps discovered:
D:1:      dpeg_arrival_lava_temple_mockup, layout_rooms,
          hellmonk_ecumenical_altar_blasted
D:2:      layout_loops_ring, uniq_terence, uniq_robin
D:3:      layout_loops_ring, mainiacjoe_overflow_catwalk, uniq_grinder
D:4:      layout_basic, nicolae_yredelemnul_corpse_copse,
          mainiacjoe_overflow_six_doors_small, minmay_temple_entry_overgrown,
          eino_small_chamber_without_monster

Skill      XL: |  1  2  3  4  5  6  7 |
---------------+----------------------+-----
Stealth        | 1 3 4 6 7 8 |  8.2
Short Blades   | 3 5 |  5.2
Fighting       | 3 |  3.9
Armour         | |  0.7
Dodging        | |  2.2
Invocations    | |  1.6

Action                   |  1- 3 |  4- 6 |  7- 9 || total
-------------------------+-------+-------+-------++-------
Melee: Short sword       |    75 |       |       ||    75
       Bite              |    11 |     7 |     3 ||    21
       Punch             |     2 |     3 |       ||     5
       Dagger            |    32 |    70 |    34 ||   136
 Abil: Exsanguinate      |     1 |       |       ||     1
  Use: Scroll            |     3 |     1 |       ||     4
       Potion            |     2 |       |       ||     2
 Stab: Sleeping          |     9 |     9 |       ||    18
Armor: Leather armour    |    21 |    16 |     9 ||    46
Dodge: Dodged            |    51 |    22 |    12 ||    85
